 Seeded DCSS version 0.25-a0-42-g6c54e25 (webtiles) character file.

Game seed: 5612735421312034376, levelgen mode: deterministic

4475 Illumine the Merchant of Misery (level 10, -2/84 HPs)
             Began as a Black Draconian Necromancer on Oct 21, 2019.
             Was a Believer of Kikubaaqudgha.
             Succumbed to a gnoll sergeant's poison
             ... on level 6 of the Dungeon on Oct 22, 2019.
             The game lasted 00:37:26 (11291 turns).

Illumine the Merchant of Misery (DrNe)             Turns: 11291, Time: 00:37:27

Health: -2/84      AC:  9    Str: 12    XL:     10   Next: 15%
Magic:  17/17      EV: 15    Int: 19    God:    Kikubaaqudgha [**....]
Gold:   657        SH:  0    Dex: 12    Spells: 4/21 levels left

rFire    + . .     SeeInvis .   K - +0 dire flail
rCold    . . .     Gourm    .   (shield currently unavailable)
rNeg     . . .     Faith    .   (armour unavailable)
rPois    .         Spirit   .   (helmet restricted)
rElec    +         Reflect  .   (no cloak)
rCorr    .         Harm     .   p - +0 pair of gloves
MR       .....                  c - +0 pair of boots
Stlth    ++........             (no amulet)
HPRegen  0.24/turn              s - ring of protection from fire
MPRegen  0.15/turn              A - ring of wizardry

@: lethally poisoned (-2 -> -61)
A: breathe lightning, unfitting armour, antennae 1, low mp 1, electricity
resistance, strong 1, cold-blooded, AC +7
a: Breathe Lightning, Receive Corpses, Renounce Religion


You were on level 6 of the Dungeon.
You worshipped Kikubaaqudgha.
Kikubaaqudgha was pleased with you.
You were hungry.

You visited 2 branches of the dungeon, and saw 10 of its levels.

You collected 657 gold pieces.

Inventory:

Hand Weapons
 e - a +0 mace
 h - a +0 short sword
 i - a +0 flail
 o - a +0 hunting sling
 B - the +3 dagger of Putrescence {freeze, Dex+4}
   (You found it on level 8 of the Dungeon)

   It has been specially enchanted to freeze those struck by it, causing extra
   injury to most foes and up to half again as much damage against particularly
   susceptible opponents.
   It can also slow down cold-blooded creatures.
   It affects your dexterity (+4).
 I - a +0 mace of protection
 K - a +0 dire flail (weapon)
Missiles
 a - 56 poisoned darts (quivered)
 g - 221 stones
 j - 4 throwing nets
Armour
 c - a +0 pair of boots (worn)
 m - a +0 shield
 p - a +0 pair of gloves (worn)
 y - the +8 scale mail of Midwinter {rElec Regen+ Dex-4 SInv}
   (You took it off a kobold on level 7 of the Dungeon)

   It affects your dexterity (-4).
   It insulates you from electricity.
   It lets you see invisible.
   It increases your rate of regeneration.
Jewellery
 s - a ring of protection from fire (left hand)
 A - a ring of wizardry (right hand)
 J - an uncursed ring of positive energy
 M - an uncursed ring of protection from cold {unknown}
Wands
 w - a wand of enslavement (23)
 C - a wand of flame (18)
 G - a wand of clouds (5)
Scrolls
 k - 3 scrolls of remove curse
 r - 2 scrolls of enchant armour {unknown}
 t - 2 scrolls of blinking {unknown}
 x - a scroll of magic mapping {unknown}
 D - a scroll of fear {unknown}
 E - a scroll of acquirement {unknown}
 F - a scroll of amnesia {unknown}
Potions
 d - 2 potions of resistance
 l - a potion of mutation
 n - 3 potions of flight
 q - a potion of haste
 v - a potion of agility
Comestibles
 b - 13 rations
 N - a chunk of flesh


   Skills:
 + Level 6.5 Fighting
 + Level 6.0 Maces & Flails
 + Level 5.9 Dodging
 - Level 1.7 Stealth
 - Level 1.3 Shields
 + Level 6.2 Spellcasting
 + Level 3.8 Charms
 + Level 7.6 Necromancy


You had 4 spell levels left.
You knew the following spells:

 Your Spells              Type           Power        Failure   Level  Hunger
a - Pain                  Necr           ####         1%          1    None
b - Animate Skeleton      Necr           N/A          1%          1    None
c - Vampiric Draining     Necr           ####......   1%          3    ##.....
d - Regeneration          Chrm/Necr      ####......   1%          3    ##.....
e - Animate Dead          Necr           N/A          1%          4    ####...
f - Spectral Weapon       Hex/Chrm       ##......     6%          3    ##.....
g - Shroud of Golubria    Chrm/Tloc      ##....       3%          2    None

Your spell library contained the following spells:

 Spells                   Type           Power        Failure   Level  Hunger
 Infusion                 Chrm           ###.         1%          1    None
 Song of Slaying          Chrm           ###.....     1%          2    None
 Sublimation of Blood     Necr           ####......   1%          2    None


Dungeon Overview and Level Annotations

Branches:
Dungeon (9/15)             Temple (1/1) D:4             Orc (0/2) D:9
   Lair: D:8-11

Altars:
Ashenzari
Cheibriados
Dithmenos
Fedhas
Hepliaklqana
Kikubaaqudgha
Makhleb
Qazlal
Sif Muna
Trog
Uskayaw
Xom
Yredelemnul
Zin
The Shining One

Annotations:
D:9 exclusion: orange crystal statue


Innate Abilities, Weirdness & Mutations

You can breathe wild blasts of lightning.
Your glossy black scales are hard. (AC +7)
You cannot fit into any form of body armour.
You are resistant to electric shocks. (rElec)
You are cold-blooded and may be slowed by cold attacks.
You have a pair of small antennae on your head.
Your magical capacity is low. (-10% MP)
Your muscles are strong. (Str +2)


Message History

The gnoll sergeant is severely wounded.
* * * LOW HITPOINT WARNING * * *
You feel very sick.
The gnoll sergeant hits you with a +4 spear of venom.
* * * LOW HITPOINT WARNING * * *
You are more poisoned.
The gnoll barely misses you.
You bump into the rock wall.
You feel less invigorated.
You feel less confused.
* * * LOW HITPOINT WARNING * * *
You feel very sick.
The gnoll sergeant hits you with a +4 spear of venom.
* * * LOW HITPOINT WARNING * * *
You are more poisoned.
The gnoll closely misses you.
You sock the gnoll sergeant!
You tail-slap the gnoll sergeant, but do no damage.
The gnoll sergeant is almost dead.
You die...
Kikubaaqudgha rasps: "You have failed me!
Welcome... death!"

#.....#######
..... #.###.#
.....
########.....#
.....
...........###
.....
...........#
.....
...........#
.....
..)........#
.....
..........g####
#####
##+##+#...@gg.#
#+#####.#
....gg.(#
.....ggg#
.........
........##
........#
........#
........#


You could see a gnoll sergeant and 2 gnolls.

Vanquished Creatures
  A two-headed ogre (D:8)
  Psyche (D:8)
  A merfolk (D:9)
  Grinder (D:6)
  A hippogriff (D:8)
  2 sky beasts
  4 ice beasts
  5 ogres
  2 orc warriors
  A centaur (D:6)
  Blork the orc (D:4)
  A big kobold (D:7)
  2 bullfrogs
  3 scorpions
  A wyvern skeleton (D:6)
  4 howler monkeys
  A crimson imp (D:9)
  A bullfrog zombie (D:5)
  2 centaur zombies
  2 hounds
  A gnoll shaman (D:7)
  3 orc priests
  2 jellies (D:5)
  A bullfrog skeleton (D:4)
  2 iguanas
  5 orc wizards
  7 worker ants
  A hound zombie (D:5)
  2 worker ant zombies (D:9)
  Robin (D:3)
  10 gnolls
  5 adders
  A howler monkey skeleton (D:6)
  A worm (D:4)
  5 dart slugs
  4 leopard geckos
  34 orcs
  3 ball pythons
  3 giant cockroaches
  12 goblins
  10 hobgoblins
  9 kobolds
  2 quokkas
  A ball python skeleton (D:4)
  6 bats
  4 frilled lizards
  A leopard gecko skeleton (D:4)
  4 rats
177 creatures vanquished.

Vanquished Creatures (collateral kills)
  2 hounds
  An iguana (D:6)
  2 orcs (D:9)
  A bat (D:1)
  A kobold (D:7)
7 creatures vanquished.

Grand Total: 184 creatures vanquished

Notes
Turn   | Place    | Note
-------+----------+-------------------------------------------
     0 | D:1      | Illumine the Draconian Necromancer began the quest for the
                  | Orb.
     0 | D:1      | Reached XP level 1. HP: 14/14 MP: 3/3
   292 | D:1      | Reached XP level 2. HP: 20/20 MP: 5/5
   359 | D:1      | Learned a level 1 spell: Animate Skeleton
  1331 | D:2      | Found a blossoming altar of Fedhas.
  1410 | D:2      | Reached XP level 3. HP: 24/26 MP: 2/7
  1472 | D:2      | Found a burning altar of Makhleb.
  1599 | D:2      | Found a snail-covered altar of Cheibriados.
  1682 | D:2      | Found a blossoming altar of Fedhas.
  2281 | D:3      | Noticed Robin
  2495 | D:4      | Reached skill level 1 in Fighting
  2495 | D:4      | Reached skill level 1 in Maces & Flails
  2495 | D:4      | Reached XP level 4. HP: 13/35 MP: 2/8
  2893 | D:4      | Reached XP level 5. HP: 18/41 MP: 9/9
  2896 | D:4      | Upgraded the game from 0.25-a0-41-g6cf4ce5 to
                  | 0.25-a0-42-g6c54e25
  2972 | D:4      | Noticed an ogre
  3082 | D:5      | Entered Level 5 of the Dungeon
  3089 | D:5      | Noticed an ice beast
  3275 | D:3      | Learned a level 3 spell: Vampiric Draining
  3279 | D:3      | Learned a level 3 spell: Regeneration
  3302 | D:3      | HP: 1/41 [orc priest/+0 flail (9)]
  3619 | D:3      | Killed Robin
  3818 | D:3      | Reached skill level 5 in Necromancy
  3992 | D:3      | Reached XP level 6. HP: 28/49 MP: 1/11
  4602 | D:4      | Noticed Blork the orc
  4649 | D:4      | Killed Blork the orc
  4649 | D:4      | Your scales start taking on a glossy black colour.
  4649 | D:4      | Reached XP level 7. HP: 44/57 MP: 1/12
  4649 | D:4      | Gained mutation: You are resistant to electric shocks.
                  | (rElec) [Black Draconian growth]
  5202 | D:4      | Found a staircase to the Ecumenical Temple.
  5211 | Temple   | Entered the Ecumenical Temple
  5251 | Temple   | Became a worshipper of Kikubaaqudgha
  5490 | D:5      | Learned a level 4 spell: Animate Dead
  5779 | D:5      | Reached skill level 1 in Shields
  6263 | D:5      | Reached XP level 8. HP: 48/66 MP: 3/14
  6587 | D:5      | Reached skill level 6 in Necromancy
  7085 | D:6      | Noticed Grinder
  7096 | D:6      | Paralysed by Grinder for 2 turns
  7259 | D:6      | Reached skill level 1 in Charms
  7460 | D:7      | Reached * piety under Kikubaaqudgha
  7460 | D:7      | Identified Kikubaaqudgha's Tome of Sinister Rituals
                  | (Kikubaaqudgha gifted it to you on level 7 of the Dungeon)
  7460 | D:7      | Received a gift from Kikubaaqudgha
  7460 | D:7      | Reached skill level 5 in Fighting
  7460 | D:7      | Reached skill level 5 in Spellcasting
  7619 | D:7      | Found a bloodstained altar of Trog.
  7895 | D:7      | Reached XP level 9. HP: 53/74 MP: 7/16
  8016 | D:7      | Identified the +8 scale mail of Midwinter {rElec Regen+
                  | Dex-4 SInv}
  8627 | D:8      | Reached skill level 5 in Maces & Flails
  8627 | D:8      | Reached skill level 5 in Dodging
  8679 | D:8      | Noticed Psyche
  8720 | D:8      | Reached skill level 7 in Necromancy
  9086 | D:8      | Reached ** piety under Kikubaaqudgha
  9138 | D:8      | Noticed a two-headed ogre
  9149 | D:8      | Killed a two-headed ogre
  9265 | D:8      | Got a dazzling dagger
  9266 | D:8      | Identified the +3 dagger of Putrescence {freeze, Dex+4}
                  | (You found it on level 8 of the Dungeon)
  9608 | D:8      | Killed Psyche
  9908 | D:9      | Found a staircase to the Orcish Mines.
 10180 | D:9      | Found a glowing silver altar of Zin.
 10187 | D:9      | Found a shadowy altar of Dithmenos.
 10191 | D:9      | Found a basalt altar of Yredelemnul.
 10336 | D:9      | Noticed an orange crystal statue
 10394 | D:9      | Noticed a merfolk
 10408 | D:9      | Killed a merfolk
 10408 | D:9      | Reached XP level 10. HP: 41/84 MP: 6/19
 10804 | D:9      | Learned a level 3 spell: Spectral Weapon
 10807 | D:9      | Learned a level 2 spell: Shroud of Golubria
 11075 | D:6      | Killed Grinder
 11275 | D:6      | Gained mutation: Your magical capacity is low. (-10% MP)
                  | [potion of mutation]
 11275 | D:6      | Gained mutation: You have a pair of small antennae on your
                  | head. [potion of mutation]
 11275 | D:6      | Gained mutation: Your muscles are strong. (Str +2) [potion
                  | of mutation]
 11289 | D:6      | HP: 3/84 [gnoll sergeant/+4 spear of venom (6)]
 11291 | D:6      | Succumbed to a gnoll sergeant's poison

Levels and vault maps discovered:
D:1:      dpeg_arrival_arbitrary_a, layout_basic
D:2:      layout_loops_ring, nicolae_overflow_crystal_walls,
          overflow_temple_1_default, old_standard_altar, fedhas_altar_3
D:3:      layout_basic, uniq_robin
D:4:      layout_loops_ring, minmay_temple_entry_nine_rooms, first_ration,
          uniq_blork_the_orc
D:5:      layout_basic
D:6:      layout_basic, uniq_grinder
D:7:      layout_basic, trog_butcher_becter
D:8:      layout_rooms, uniq_psyche
D:9:      layout_long_grid, minitemple, orc_david_3, hangedman_fish_farm,
          corner_web_ring, minivault_16, minmay_misc_feat_nine_boxes
Temple:   regret_index_temple_sphere_string

Skill      XL: |  1  2  3  4  5  6  7  8  9 10 |
---------------+-------------------------------+-----
Dodging        | 2 3 4 5 |  5.9
Fighting       | 1 2 3 4 5 6 |  6.5
Maces & Flails | 1 2 3 4 5 6 |  6.0
Spellcasting   | 3 4 5 6 |  6.2
Necromancy     | 5 6 7 |  7.6
Shields        | 1 |  1.3
Charms         | 2 3 |  3.8
Stealth        | |  1.7

Action                   |  1- 3 |  4- 6 |  7- 9 | 10-12 || total
-------------------------+-------+-------+-------+-------++-------
Melee: Club              |    17 |       |       |       ||    17
       Mace              |    46 |    99 |    51 |    28 ||   224
       Tailslap          |     4 |     7 |    26 |    10 ||    47
       Flail             |       |       |   176 |       ||   176
       Dire flail        |       |       |       |    44 ||    44
Throw: Dart              |       |       |     2 |       ||     2
 Cast: Pain              |    63 |    66 |   150 |     3 ||   282
       Animate Skeleton  |     2 |     2 |     2 |       ||     6
       Vampiric Draining |       |     9 |    42 |     4 ||    55
       Animate Dead      |       |       |     8 |     1 ||     9
 Abil: Breathe Lightning |       |       |     2 |       ||     2
  Use: Scroll            |       |     5 |     2 |       ||     7
       Potion            |       |     1 |       |     7 ||     8
 Stab: Sleeping          |     1 |     1 |       |     2 ||     4
       Distracted        |       |     1 |       |     1 ||     2
  Eat: Chunk             |     5 |     8 |    14 |     1 ||    28
       Ration            |       |       |     3 |       ||     3
Armor: Skin              |    31 |    44 |    90 |    34 ||   199
Dodge: Dodged            |    55 |    93 |   228 |    69 ||   445

Table legend:
 A = Non-vault XP
 B = Vault XP
 C = Vault XP percentage of total XP
 D = Non-vault monster count
 E = Vault monster count
 F = Vault count percentage of total count
                 A         B        C        D         E       F
            +---------+---------+-------+---------+---------+-------
      Total |    4900 |    1493 |  23.4 |     158 |      26 |  14.1
            +---------+---------+-------+---------+---------+-------
        D:1 |      35 |       0 |   0.0 |      21 |       0 |   0.0
        D:2 |      46 |       0 |   0.0 |      16 |       0 |   0.0
        D:3 |     278 |      33 |  10.6 |      19 |      10 |  34.5
        D:4 |     380 |      98 |  20.5 |      20 |       2 |   9.1
        D:5 |    1013 |       0 |   0.0 |      26 |       0 |   0.0
        D:6 |     574 |     277 |  32.5 |      17 |       1 |   5.6
        D:7 |     809 |     191 |  19.1 |      21 |       3 |  12.5
        D:8 |    1556 |     448 |  22.4 |      11 |       1 |   8.3
        D:9 |     209 |     446 |  68.1 |       7 |       9 |  56.2
            +---------+---------+-------+---------+---------+-------
